 Dungeon Crawl Stone Soup version 0.28-a0-704-g4d584c6bc1 (webtiles) character file.

Game seed: 4276652884005933203

368 Gargoyl the Skirmisher (level 6, 0/53 HPs)
             Began as a Gnoll Abyssal Knight on Oct 24, 2021.
             Was a Believer of Lugonu.
             Slain by Dowan (18 damage)
             ... on level 3 of the Dungeon.
             The game lasted 00:04:17 (3151 turns).

Gargoyl the Skirmisher (Gnoll Abyssal Knight)       Turns: 3151, Time: 00:04:17

Health: 0/53       AC: 14    Str: 18    XL:     6   Next: 69%
Magic:  9/9        EV:  7    Int:  9    God:    Lugonu [**....]
Gold:   144        SH:  0    Dex: 17    Spells: 9/9 levels left

rFire   . . .      SeeInvis .   d - +1 broad axe
rCold   . . .      Faith    .   (no shield)
rNeg    + + .      Spirit   .   c - +2 plate armour of Entitlement {rN+ Str+4 Dex+4}
rPois   .          Reflect  .   (no helmet)
rElec   .          Harm     .   (no cloak)
rCorr   .          Rampage  .   (no gloves)
Will    .....                   (no boots)
Stlth   ..........              (no amulet)
HPRegen 0.17/turn               n - ring of positive energy
MPRegen 0.11/turn               (no ring)

@: no status effects
A: fangs 1, strong nose, distributed training
a: Renounce Religion, Depart the Abyss, Bend Space


You were on level 3 of the Dungeon.
You worshipped Lugonu.
Lugonu was pleased with you.
You visited 1 branch of the dungeon, and saw 4 of its levels.
You visited the Abyss 1 time.

You collected 144 gold pieces.

Inventory:

Hand Weapons
 a - a +1 hand axe
 d - a +1 broad axe (weapon)
Missiles
 h - 15 poisoned darts (quivered)
Armour
 b - a +0 leather armour
 c - the +2 plate armour of Entitlement (worn) {rN+ Str+4 Dex+4}
   (You found it on level 2 of the Abyss)

   Str:       It affects your strength (+4).
   Dex:       It affects your dexterity (+4).
   rN:        It protects you from negative energy.
 e - a +0 plate armour of fire resistance
Jewellery
 n - a ring of positive energy (left hand)
 r - an amulet of guardian spirit
Wands
 j - a wand of digging (6)
Scrolls
 k - a scroll of immolation
 l - a scroll of teleportation
Potions
 f - a potion of berserk rage {unknown}
 g - a potion of heal wounds
 m - a potion of haste {unknown}
 o - a potion of might {unknown}
 p - a potion of ambrosia {unknown}
 q - a potion of degeneration {unknown}


   Skills:
 + Level 6.9 Fighting
 + Level 2.1 Short Blades
 + Level 2.1 Long Blades
 + Level 5.0 Axes
 + Level 2.1 Maces & Flails
 + Level 2.1 Polearms
 + Level 2.1 Staves
 + Level 2.1 Slings
 + Level 2.1 Bows
 + Level 2.1 Crossbows
 + Level 2.1 Throwing
 + Level 5.0 Armour
 + Level 3.3 Dodging
 + Level 2.1 Stealth
 + Level 2.1 Shields
 + Level 2.1 Unarmed Combat
 + Level 2.1 Spellcasting
 + Level 1.6 Conjurations
 + Level 1.6 Hexes
 + Level 1.6 Summonings
 + Level 1.6 Necromancy
 + Level 1.6 Translocations
 + Level 1.6 Transmutations
 + Level 1.6 Fire Magic
 + Level 1.6 Ice Magic
 + Level 1.6 Air Magic
 + Level 1.6 Earth Magic
 + Level 1.6 Poison Magic
 + Level 5.1 Invocations
 + Level 2.1 Evocations


You had 9 spell levels left.
You didn't know any spells.
Your spell library contained the following spells:

 Spells                   Type           Power      Damage    Failure   Level
 Corpse Rot               Necr/Air       6%         N/A       100%        2
 Poisonous Vapours        Pois/Air       6%         N/A       100%        2
 Call Canine Familiar     Summ           3%         N/A       100%        3
 Portal Projectile        Hex/Tloc       6%         N/A       100%        3
 Dispel Undead            Necr           3%         3d7       100%        4
 Leda's Liquefaction      Hex/Erth       1%         N/A       100%        4
 Death Channel            Necr           1%         N/A       100%        6


Dungeon Overview and Level Annotations

Branches:
Dungeon (4/15)
 Temple: D:4-7

Altars:

Shops:
D:2 *

Annotations:
D:3 Dowan


Innate Abilities, Weirdness & Mutations

You have very sharp teeth.
Your uncanny sense of smell can sniff out nearby items.
Your experience applies equally to all skills.


Message History

The puff of flame hits you but does no damage.
Duvessa hits you but does no damage. Duvessa hits you but does no damage.
Dowan hits you but does no damage.
You are electrocuted!!
You climb upwards.
There is a stone staircase leading down here.
Unknown command.
You slash Duvessa!
You kill Duvessa!
Lugonu accepts your kill.
Dowan screams, "No!
No!"
Dowan seems to find hidden reserves of power!
You completely miss Dowan.
Dowan hits you with a +0 dagger of electrocution.
Dowan casts a spell at you. The shard of ice misses you.
Your Short Blades skill increases to level 2!
Your Long Blades skill increases to level 2!
Your Axes skill increases to level 5!
Your Maces & Flails skill increases to level 2!
Your Polearms skill increases to level 2!
Your Staves skill increases to level 2!
Your Slings skill increases to level 2!
Your Bows skill increases to level 2!
Your Crossbows skill increases to level 2!
Your Throwing skill increases to level 2!
Your Armour skill increases to level 5!
Your Stealth skill increases to level 2!
Your Shields skill increases to level 2!
Your Unarmed Combat skill increases to level 2!
Your Spellcasting skill increases to level 2!
Your Evocations skill increases to level 2!
Unknown command.
You feel much better. Dowan casts a spell at you. The shard of ice hits you!!
Your plate armour of Entitlement prevents you from hitting Dowan.
Dowan shakes with grief.
Dowan hits you with a +0 dagger of electrocution.
You are electrocuted!!
You die...

#### ###...# #..#################
###...#.# #..................#
##...###.## #.################.#
##..### #..# #.# ##..# #.###..##
##.# #.## ##...###..#..## #.#
...########..#..###...## #..
...............e)....##### ##.
..#.######..####@#.......#######.
..#.# #.......##.#...###.........
..#.# #.......#....#.# #########.
....# #......[..#.##.# #. .##.#
#......).##.##.# ###.
.##.###....)..###..#.###### ##...
..#..##.......# ##.#.#....# #..##
.....##.#...### #........###.##
.##.....#..## ###..........#


You could see Dowan (fast).

Vanquished Creatures
  Duvessa (D:3)
  A phantom (D:3)
  An orc priest (D:3)
  2 orc wizards
  A gnoll (D:1)
  3 adders
  2 worms
  A dart slug (D:1)
  3 orcs (D:4)
  11 endoplasms
  A giant cockroach (D:1)
  7 goblins
  5 hobgoblins
  4 jackals (D:1)
  3 quokkas
  6 ball pythons
  5 bats
  7 kobolds
  5 rats
69 creatures vanquished.

Notes
Turn   | Place    | Note
-------+----------+-------------------------------------------
     0 | Abyss:1  | Gargoyl the Gnoll Abyssal Knight began the quest for the
                  | Orb.
     0 | Abyss:1  | Reached XP level 1. HP: 23/23 MP: 3/3
    71 | Abyss:2  | Identified the +2 plate armour of Entitlement {rN+ Str+4
                  | Dex+4}
    81 | Abyss:2  | Noticed a quasit
   118 | Abyss:3  | Found a corrupted altar of Lugonu.
   155 | Abyss:4  | Noticed a black draconian
   157 | D:1      | Escaped the Abyss
   279 | D:1      | Reached * piety under Lugonu
   297 | D:1      | Reached XP level 2. HP: 26/29 MP: 5/5
   539 | D:1      | Reached XP level 3. HP: 34/35 MP: 6/6
  1336 | D:2      | Reached skill level 1 in Short Blades
  1336 | D:2      | Reached skill level 1 in Long Blades
  1336 | D:2      | Reached skill level 1 in Maces & Flails
  1336 | D:2      | Reached skill level 1 in Polearms
  1336 | D:2      | Reached skill level 1 in Staves
  1336 | D:2      | Reached skill level 1 in Slings
  1336 | D:2      | Reached skill level 1 in Bows
  1336 | D:2      | Reached skill level 1 in Crossbows
  1336 | D:2      | Reached skill level 1 in Throwing
  1336 | D:2      | Reached skill level 1 in Stealth
  1336 | D:2      | Reached skill level 1 in Shields
  1336 | D:2      | Reached skill level 1 in Unarmed Combat
  1336 | D:2      | Reached skill level 1 in Spellcasting
  1336 | D:2      | Reached skill level 1 in Evocations
  1376 | D:2      | Reached XP level 4. HP: 21/41 MP: 7/7
  1524 | D:2      | Found Lusul's Assorted Antiques.
  1787 | D:2      | Reached ** piety under Lugonu
  2241 | D:4      | Reached skill level 1 in Conjurations
  2241 | D:4      | Reached skill level 1 in Hexes
  2241 | D:4      | Reached skill level 1 in Summonings
  2241 | D:4      | Reached skill level 1 in Necromancy
  2241 | D:4      | Reached skill level 1 in Translocations
  2241 | D:4      | Reached skill level 1 in Transmutations
  2241 | D:4      | Reached skill level 1 in Fire Magic
  2241 | D:4      | Reached skill level 1 in Ice Magic
  2241 | D:4      | Reached skill level 1 in Air Magic
  2241 | D:4      | Reached skill level 1 in Earth Magic
  2241 | D:4      | Reached skill level 1 in Poison Magic
  2297 | D:3      | Reached XP level 5. HP: 47/47 MP: 8/8
  2368 | D:3      | Found a faded altar of an unknown god.
  3070 | D:4      | Noticed a phantom
  3072 | D:4      | Noticed Duvessa
  3082 | D:3      | Killed a phantom
  3083 | D:3      | Reached skill level 5 in Invocations
  3083 | D:3      | Reached XP level 6. HP: 44/53 MP: 9/9
  3143 | D:4      | Noticed Dowan
  3149 | D:3      | Killed Duvessa
  3150 | D:3      | Reached skill level 5 in Axes
  3150 | D:3      | Reached skill level 5 in Armour
  3151 | D:3      | Slain by Dowan

Illustrated notes

Levels and vault maps discovered:
D:1:      amcnicky_arrival_gap_in_the_tavern_cellar, layout_loops_ring,
          minivault_11
D:2:      layout_loops_cross, serial_shops, shop
D:3:      layout_rooms, shapermc_ecumenical_altar_flowoftime,
          amcnicky_mini_pool_small
D:4:      layout_rooms, interstate_on_off, uniq_duvessa

Skill      XL: |  1  2  3  4  5  6 |
---------------+-------------------+-----
Short Blades   | 1 2 |  2.1
Long Blades    | 1 2 |  2.1
Maces & Flails | 1 2 |  2.1
Polearms       | 1 2 |  2.1
Staves         | 1 2 |  2.1
Slings         | 1 2 |  2.1
Bows           | 1 2 |  2.1
Crossbows      | 1 2 |  2.1
Throwing       | 1 2 |  2.1
Stealth        | 1 2 |  2.1
Shields        | 1 2 |  2.1
Unarmed Combat | 1 2 |  2.1
Spellcasting   | 1 2 |  2.1
Evocations     | 1 2 |  2.1
Conjurations   | 1 |  1.6
Hexes          | 1 |  1.6
Summonings     | 1 |  1.6
Necromancy     | 1 |  1.6
Translocations | 1 |  1.6
Transmutations | 1 |  1.6
Fire Magic     | 1 |  1.6
Ice Magic      | 1 |  1.6
Air Magic      | 1 |  1.6
Earth Magic    | 1 |  1.6
Poison Magic   | 1 |  1.6
Dodging        | 3 |  3.3
Invocations    | 5 |  5.1
Axes           | 5 |  5.0
Armour         | 5 |  5.0
Fighting       | |  6.9

Action                   |  1- 3 |  4- 6 || total
-------------------------+-------+-------++-------
Melee: Hand axe          |   106 |    18 ||   124
       Bite              |    12 |    12 ||    24
       Broad axe         |       |    82 ||    82
Invok: Depart the Abyss  |     1 |       ||     1
  Use: Scroll            |     3 |     7 ||    10
       Potion            |       |     1 ||     1
Armor: Plate armour      |    82 |    91 ||   173
Dodge: Dodged            |    37 |    52 ||    89

Table legend: (Time is in decaauts)
 A = Elapsed time spent in this place.
 B = Non-inter-level travel time spent in this place.
 C = Inter-level travel time spent in this place.
 D = Time resting spent in this place.
 E = Time spent auto-exploring this place.
 F = Levels seen in this place.
 G = Mean time per level.
                   A        B        C        D        E       F      G
               +--------+--------+--------+--------+--------+-----+--------+
         Total |   3191 |   3124 |     67 |    210 |   2177 |   8 |  398.9 |
       Dungeon |   3035 |   2968 |     67 |    210 |   2097 |   4 |  758.8 |
         Abyss |    156 |    156 |      0 |      0 |     80 |   4 |   39.0 |
               +--------+--------+--------+--------+--------+-----+--------+

Top non-repeatable levels by time:
     D:1: 1047 daAuts
     D:3: 885 daAuts
     D:2: 827 daAuts
     D:4: 274 daAuts
 Abyss:1: 69 daAuts
 Abyss:3: 41 daAuts
 Abyss:2: 26 daAuts
 Abyss:4: 18 daAuts
